 Dungeon Crawl Stone Soup version 0.26.0-18-gc5c842f807 (webtiles) character file.

Game seed: 17758846472598911661

1630 kaeus the Skirmisher (level 8, -1/64 HPs)
             Began as a Demonspawn Fighter on Jan 24, 2021.
             Was a Plaything of Xom.
             Slain by an orc warrior
             ... wielding a +0 dire flail
              (14 damage)
             ... on level 6 of the Dungeon.
             The game lasted 00:05:33 (5669 turns).

kaeus the Skirmisher (Demonspawn Fighter)           Turns: 5669, Time: 00:05:33

Health: -1/64      AC: 15    Str: 18    XL:     8   Next: 65%
Magic:  8/8        EV:  6    Int:  9    God:    Xom [....*.]
Gold:   557        SH: 10    Dex: 14    Spells: 7/7 levels left

rFire    . . .     SeeInvis .   a - +0 war axe
rCold    . . .     Faith    .   c - +0 kite shield
rNeg     . . .     Spirit   .   i - +1 plate armour
rPois    .         Reflect  .   B - +2 hat
rElec    .         Harm     .   (no cloak)
rCorr    .         Rampage  .   (no gloves)
Will     .....                  (no boots)
Stlth    ..........             (no amulet)
HPRegen  0.20/turn              (no ring)
MPRegen  0.11/turn              (no ring)

@: brilliant
A: powered by death 1, spiny 1, sturdy frame 2
a: Renounce Religion


You were on level 6 of the Dungeon.
You worshipped Xom.
You were a beloved toy of Xom.
You visited 1 branch of the dungeon, and saw 6 of its levels.
You also visited: Ossuary.

You collected 557 gold pieces.

Inventory:

Hand Weapons
 a - a +0 war axe (weapon)
Armour
 c - a +0 kite shield (worn)
 i - a +1 plate armour (worn)
 B - a +2 hat (worn)
Wands
 p - a wand of iceblast (4)
Scrolls
 b - a scroll of teleportation
 g - 2 scrolls of amnesia
 k - 2 scrolls of magic mapping {unknown}
 m - 3 scrolls of remove curse
 n - 3 scrolls of blinking {unknown}
 t - a scroll of holy word {unknown}
 v - 2 scrolls of fear {unknown}
 y - a scroll of noise {unknown}
 A - 3 scrolls of identify {unknown}
Potions
 d - 2 potions of might
 e - 4 potions of cancellation {unknown}
 f - 2 potions of curing
 h - a potion of ambrosia {unknown}
 l - 3 potions of haste {unknown}
 o - 2 potions of lignification {unknown}
 q - a potion of attraction {unknown}
 r - a potion of flight {unknown}
 s - a potion of berserk rage {unknown}
 u - 3 potions of magic {unknown}
 w - a potion of resistance {unknown}
 x - 2 potions of degeneration {unknown}
 z - 3 potions of brilliance {unknown}


   Skills:
 + Level 6.2 Fighting
 + Level 5.3 Axes
 + Level 5.7 Armour
 + Level 5.7 Shields


You had 7 spell levels left.
You didn't know any spells.
Your spell library was empty.

Dungeon Overview and Level Annotations

Branches:
Dungeon (6/15)             Temple (0/1) D:4         Ossuary (visited)

Altars:
Xom


Innate Abilities, Weirdness & Mutations

You regenerate a little health from kills.
You are partially covered in sharp spines.
Your movements are less encumbered by armour. (ER -4)


Message History

* * * LOW HITPOINT WARNING * * *
You block the orc priest's attack.
You take 16 damage, and have 10/64 hp.
MASSIVE DAMAGE!!
You slash the orc priest!
You kill the orc priest!
You hit the orc warrior. You block the orc warrior's attack.
You barely miss the orc warrior.
The orc warrior is heavily wounded.
The orc warrior hits you with a +0 dire flail.
* * * LOW HITPOINT WARNING * * *
The orc warrior hits you with a +0 dire flail.
* * * LOW HITPOINT WARNING * * *
You take 3 damage, and have 8/64 hp.
You feel better.
You regained 5 hp, and now have 13/64 hp.
You completely miss the orc warrior.
The orc warrior is heavily wounded.
You block the orc warrior's attack.
The orc warrior hits you with a +0 dire flail!
You die...

#.....#.....######...##+#
#.....#.....#...##...##.>
#.....#.....#............
#.....'†....##..##.......
#....)####+###.. #..†##..
#.....#.....##.. #...##..
#.....'......... #...##..
#.....#.....## #...#...
#.....#)@)..# #...##..
#.....#.)o..# ###+##..
#.....#...!.# ...
#.....#.....# ###
#.....#.....#
#.....#.....#
#.....#.....#
#.....#.....#


You could see an orc warrior.

Vanquished Creatures
  Edmund (D:6)
  An orc warrior (D:6)
  An ice beast (D:6)
  2 ogres (D:6)
  A phantom (D:6)
  A bullfrog (D:6)
  2 scorpions
  A howler monkey (D:5)
  4 hounds
  A quasit (D:5)
  3 orc priests
  Crazy Yiuf (D:3)
  A bullfrog skeleton (D:6)
  An orc wizard (D:3)
  Ijyb (D:3)
  3 worker ants
  8 mummies (Ossuary)
  10 gnolls
  A howler monkey skeleton (D:6)
  10 adders
  2 river rats (D:4)
  3 ufetubi
  3 oozes
  An adder skeleton (D:3)
  2 worms
  A dart slug (D:4)
  2 leopard geckos
  16 orcs
  12 bats
  3 giant cockroaches
  2 goblins
  5 hobgoblins
  6 jackals
  6 kobolds
  2 quokkas
  3 ball pythons
  7 frilled lizards
  3 hobgoblin zombies (Ossuary)
  A jackal skeleton (D:5)
  3 kobold zombies (Ossuary)
  2 leopard gecko skeletons (D:5)
  2 orc zombies (Ossuary)
  12 rats
153 creatures vanquished.

Notes
Turn   | Place    | Note
-------+----------+-------------------------------------------
     0 | D:1      | kaeus the Demonspawn Fighter began the quest for the Orb.
     0 | D:1      | Reached XP level 1. HP: 18/18 MP: 1/1
   375 | D:1      | Gained mutation: You are partially covered in sharp spines.
                  | [demonic ancestry]
   375 | D:1      | Reached XP level 2. HP: 22/24 MP: 2/2
  1061 | D:2      | Gained mutation: Your movements are slightly less
                  | encumbered by armour. (ER -2) [demonic ancestry]
  1061 | D:2      | Reached XP level 3. HP: 21/29 MP: 3/3
  1376 | D:2      | Reached XP level 4. HP: 14/36 MP: 4/4
  1611 | D:2      | Found a faded altar of an unknown god.
  1801 | D:2      | Became a worshipper of Xom of Chaos
  2162 | D:3      | Noticed Ijyb
  2173 | D:3      | Killed Ijyb
  2174 | D:3      | Reached XP level 5. HP: 41/42 MP: 5/5
  2258 | D:3      | Reached skill level 4 in Fighting
  2301 | D:3      | XOM: silly message
  2690 | D:3      | Found a runed translucent door.
  2691 | D:3      | Noticed Crazy Yiuf
  2834 | D:3      | XOM: smoke on damage
  2836 | D:3      | Killed Crazy Yiuf
  2927 | D:4      | XOM: noise
  2966 | D:4      | XOM: 1-stop teleportation journey
  2994 | D:4      | Gained mutation: Your movements are less encumbered by
                  | armour. (ER -4) [demonic ancestry]
  2994 | D:4      | Reached XP level 6. HP: 48/48 MP: 6/6
  3758 | D:4      | Found a staircase to the Ecumenical Temple.
  3791 | D:4      | XOM: divination: detect creatures
  3803 | D:4      | Reached XP level 7. HP: 51/55 MP: 7/7
  3934 | D:5      | Entered Level 5 of the Dungeon
  3944 | D:5      | Found a sand-covered staircase.
  3950 | Ossuary  | Entered an ossuary
  3958 | Ossuary  | XOM: scenery: summon butterflies
  3972 | Ossuary  | XOM: silly message
  4034 | Ossuary  | XOM: 1-stop teleportation journey
  4403 | D:5      | XOM: silly message
  4410 | D:5      | Reached skill level 5 in Fighting
  4527 | D:5      | XOM: 5-stop teleportation journey
  4667 | D:5      | XOM: noise
  4798 | D:5      | XOM: silly message
  5268 | D:6      | XOM: silly message
  5269 | D:6      | XOM: silly message
  5365 | D:6      | XOM: silly message
  5414 | D:6      | Reached skill level 5 in Armour
  5414 | D:6      | Reached skill level 5 in Shields
  5414 | D:6      | Gained mutation: You regenerate a little health from kills.
                  | [demonic ancestry]
  5414 | D:6      | Reached XP level 8. HP: 63/63 MP: 8/8
  5445 | D:6      | Noticed Edmund
  5448 | D:6      | XOM: cast spell 'Summon Small Mammal'
  5461 | D:6      | XOM: potion effect (curing)
  5462 | D:6      | Killed Edmund
  5465 | D:6      | Reached skill level 5 in Axes
  5625 | D:6      | XOM: noise
  5628 | D:6      | XOM: potion effect (brilliance)
  5631 | D:6      | Reached skill level 6 in Fighting
  5669 | D:6      | Slain by an orc warrior

Illustrated notes

Levels and vault maps discovered:
D:1:      dpeg_arrival_rooms_a, layout_basic, serial_glass, glass_columns_b,
          glass_columns_b, glass_columns_c, glass_columns_b, glass_columns_b,
          glass_columns_a
D:2:      layout_rooms, chequers_ecumenical_altar_simple
D:3:      minmay_skewed_foursquare, layout_basic, uniq_crazy_yiuf_cottage,
          uniq_ijyb
D:4:      layout_basic, minmay_temple_entry_antechambers, portal_sewer_entry_b,
          serial_corexii_hall, chequers_hall_statues_corner_a,
          chequers_hall_statues_wall_a
D:5:      layout_gridville, nicolae_ossuary_entry_plus, minmay_statues_item,
          minmay_fractal_squares_diagonal_5
D:6:      layout_gridville, uniq_pikel, uniq_edmund

Skill      XL: |  1  2  3  4  5  6  7  8 |
---------------+-------------------------+-----
Axes           | 2 3 4 5 |  5.3
Armour         | 3 4 5 |  5.7
Shields        | 3 4 5 |  5.7
Fighting       | 4 5 6 |  6.2

Action                   |  1- 3 |  4- 6 |  7- 9 || total
-------------------------+-------+-------+-------++-------
Melee: War axe           |   110 |   157 |   165 ||   432
  Use: Scroll            |     1 |     4 |       ||     5
       Potion            |       |       |     7 ||     7
 Stab: Sleeping          |       |       |     1 ||     1
Armor: Scale mail        |    35 |       |       ||    35
       Plate armour      |    42 |    88 |    92 ||   222
Dodge: Dodged            |    41 |    24 |    44 ||   109
Block: Kite shield       |    64 |    93 |    99 ||   256
